 Dungeon Crawl Stone Soup version 0.26.1-11-gd32895ea62 (webtiles) character file.

Game seed: 17802738566309663292

176 Zeld the Cudgeller (level 5, 0/45 HPs)
             Began as a Draconian Gladiator on June 11, 2021.
             Killed from afar by Blork the orc (9 damage)
             ... with a puff of frost
             ... on level 3 of the Dungeon.
             The game lasted 00:06:29 (4670 turns).

Zeld the Cudgeller (Draconian Gladiator)            Turns: 4670, Time: 00:06:29

Health: 0/45       AC:  6    Str: 20    XL:     5   Next: 30%
Magic:  5/5        EV: 13    Int:  8    God:
Gold:   147        SH:  0    Dex: 13    Spells: 4/4 levels left

rFire    . . .     SeeInvis .   a - +0 flail
rCold    . . .     Faith    .   (no shield)
rNeg     . . .     Spirit   .   (armour unavailable)
rPois    .         Reflect  .   b - +0 hat
rElec    .         Harm     .   (no cloak)
rCorr    .         Rampage  .   d - +0 pair of gloves {Str+3}
Will     .....                  (no boots)
Stlth    +.........             (no amulet)
HPRegen  0.15/turn              (no ring)
MPRegen  0.09/turn              (no ring)

@: no status effects
A: unfitting armour, cold-blooded, AC +5
a: no special abilities


You were on level 3 of the Dungeon.
You visited 1 branch of the dungeon, and saw 4 of its levels.

You collected 147 gold pieces.

Inventory:

Hand Weapons
 a - a +0 flail (weapon)
Missiles
 c - 3 throwing nets
 h - 67 stones (quivered)
 i - 4 boomerangs
Armour
 b - a +0 hat (worn)
 d - a +0 pair of gloves of strength (worn)
Scrolls
 f - 2 scrolls of enchant weapon {unknown}
 g - a scroll of fog {unknown}
 j - 3 scrolls of identify {unknown}
 m - 5 scrolls of remove curse {unknown}
 o - 5 scrolls of teleportation {unknown}
 r - 2 scrolls of enchant armour {unknown}
 t - a scroll of amnesia {unknown}
Potions
 e - 2 potions of curing {unknown}
 k - a potion of heal wounds {unknown}
 l - a potion of haste {unknown}
 n - 2 potions of degeneration {unknown}
 p - a potion of berserk rage {unknown}
 q - a potion of lignification {unknown}
 s - 2 potions of might {unknown}


   Skills:
 + Level 3.1 Fighting
 + Level 0.1(2.5) Axes
 * Level 4.2(4.3) Maces & Flails
 + Level 0.2(2.6) Staves
 + Level 0.2(1.9) Slings
 * Level 3.1 Throwing
 + Level 3.2 Dodging


You had 4 spell levels left.
You didn't know any spells.
Your spell library was empty.

Dungeon Overview and Level Annotations

Branches:
Dungeon (4/15)
 Temple: D:4-7

Altars:
Sif Muna
Zin

Annotations:
D:3 Blork the orc


Innate Abilities, Weirdness & Mutations

Your plain brown scales are hard. (AC +5)
You cannot fit into any form of body armour.
You are cold-blooded and may be slowed by cold attacks.


Message History

You are too injured to fight recklessly!
You are too injured to fight recklessly!
You are too injured to fight recklessly!
You hit Blork the orc but do no damage.
Blork the orc is lightly wounded.
Blork the orc hits you with a +4 long sword of flaming!
* * * LOW HITPOINT WARNING * * *
Blork the orc burns you.
* * * LOW HITPOINT WARNING * * *
You sock Blork the orc!
Blork the orc is heavily wounded.
Blork the orc miscasts a cantrip.
You hit Blork the orc.
You tail-slap Blork the orc, but do no damage.
Blork the orc is severely wounded.
Blork the orc hits you but does no damage.
Unknown command.
Blork the orc casts a spell at you. The puff of frost hits you!
You die...

##.##.###.........>....#
#.......o##......####.#
#.#####..######### #.#
##.# #.o#### #.# #..#
#.....# #># #..# #..##o#
#.# #..#####..##o# #.#
#........###.# #.######
#..####### #@# #.......
#..###### #.# ########
#.......# #.# #.#####.#
#.# #.# #.# #.#
########### #.# #.# #.#
#.......... #.#
#.####.######.#########
#.#####.............#
#............########


You could see Blork the orc and an orc.

Vanquished Creatures
  6 adders
  3 gnolls
  An ooze (D:1)
  3 worms
  3 dart slugs
  3 leopard geckos
  2 bat zombies (D:4)
  4 giant cockroaches
  13 goblins
  7 hobgoblins
  11 kobolds
  2 quokkas (D:2)
  2 ball pythons
  A bat (D:2)
  3 frilled lizards
  A leopard gecko skeleton (D:4)
  9 rats
  A rat zombie (D:4)
75 creatures vanquished.

Notes
Turn   | Place    | Note
-------+----------+-------------------------------------------
     0 | D:1      | Zeld the Draconian Gladiator began the quest for the Orb.
     0 | D:1      | Reached XP level 1. HP: 17/17 MP: 1/1
    64 | D:1      | You fall into a shaft and drop 1 floor!
   248 | D:1      | Reached XP level 2. HP: 25/25 MP: 2/2
   603 | D:1      | Reached XP level 3. HP: 30/30 MP: 3/3
  1780 | D:2      | Found a shimmering blue altar of Sif Muna.
  2174 | D:2      | Reached XP level 4. HP: 32/37 MP: 4/4
  2768 | D:2      | Reached skill level 4 in Maces & Flails
  3226 | D:3      | Found a faded altar of an unknown god.
  3351 | D:3      | Reached XP level 5. HP: 39/45 MP: 5/5
  3464 | D:3      | Found a glowing silver altar of Zin.
  4232 | D:4      | Noticed Blork the orc
  4670 | D:3      | Killed from afar by Blork the orc

Illustrated notes

Levels and vault maps discovered:
D:1:      minmay_arrival_widening_spiral_narrow, layout_loops_ring
D:2:      layout_basic, led_sif_pool, dk_noncrumbling_4
D:3:      layout_loops_ring, zin_academy, chequers_ecumenical_altar_island,
          minmay_misc_feat_roman, minmay_misc_feat_chi, amcnicky_mini_pool_small
D:4:      layout_basic, lemuel_zombie_altar_kikubaaqudgha, kennysheep_dice,
          uniq_sigmund, uniq_blork_the_orc, uniq_edmund

Skill      XL: |  1  2  3  4 |
---------------+-------------+-----
Throwing       | 2 3 |  3.1
Dodging        | 3 |  3.2
Maces & Flails | 4 |  4.2
Fighting       | 3 |  3.1
Axes           | |  0.1
Staves         | |  0.2
Slings         | |  0.2

Action                   |  1- 3 |  4- 6 || total
-------------------------+-------+-------++-------
Melee: Flail             |    56 |    93 ||   149
       Tailslap          |     6 |     9 ||    15
Throw: Stone             |   156 |    81 ||   237
 Stab: Sleeping          |     1 |       ||     1
Armor: Skin              |    21 |    40 ||    61
Dodge: Dodged            |    51 |    88 ||   139
